 Dungeon Crawl Stone Soup version 0.19-a0-1311-gdcfd90a (webtiles) character file.

31805 IcyTea the Thaumaturge (level 13, -8/93 HPs)
             Began as a Grey Draconian Air Elementalist on Aug 31, 2016.
             Was the Champion of Hepliaklqana.
             Mangled by a polar bear (12 damage)
             ... in an ice cave.
             The game lasted 02:34:46 (17520 turns).

IcyTea the Thaumaturge (DrAE)                      Turns: 17520, Time: 02:34:47

Health: -8/93      AC: 16    Str: 11    XL:     13   Next: 28%
Magic:  4/29       EV: 13    Int: 21    God:    Hepliaklqana [******]
Gold:   799        SH:  0    Dex: 11    Spells: 8 memorised, 10 levels left

rFire  . . .     SeeInvis .     b - staff of conjuration
rCold  + . .     Gourm    .     (armour unavailable)
rNeg   . . .     Faith    .     (no shield)
rPois  +         Spirit   .     (helmet restricted)
rElec  .         Dismiss  .     G - +2 cloak {rPois}
rCorr  .         Reflect  .     (no gloves)
MR     +....     Harm     .     (no boots)
Stlth  ++........               z - amulet of magic regeneration
                                f - ring of protection from cold
                                c - ring of protection from magic

@: sluggish, very slightly contaminated, repel missiles, very slow
A: walk through water, unfitting armour, blurry vision 1, sense surroundings 1,
screaming 1, wild magic 2, unbreathing, cold-blooded, AC +13
a: Recall Ancestor, Ancestor Identity, Transference, Idealise, Renounce Religion


You were in an ice cave.
You worshipped Hepliaklqana.
Hepliaklqana was exalted by your worship.
You were near starving.

You visited 3 branches of the dungeon, and saw 16 of its levels.
You also visited: Labyrinth, Ossuary and Ice Cave.

You collected 799 gold pieces.

Inventory:

Hand Weapons
 a - a +3 quarterstaff of draining
Armour
 G - a +2 cloak of poison resistance (worn)
Magical Staves
 b - an uncursed staff of conjuration (weapon)
Jewellery
 c - a ring of protection from magic (left hand)
 f - a ring of protection from cold (right hand)
 z - an amulet of magic regeneration (around neck)
 T - the ring of Nefy {rCorr rPois rF- rN+++ Int+2}
   (You found it in a labyrinth)

   [ring of resist corrosion]

   It affects your intelligence (+2).
   It makes you vulnerable to fire.
   It protects you from poison.
   It renders you almost immune to negative energy.
Wands
 s - a wand of teleportation (1/9)
 u - a wand of acid (3/15)
 x - a wand of slowing (25/48)
 A - a wand of iceblast (9/15)
 I - a wand of lightning (4/15)
Scrolls
 d - a scroll of fear
 h - a scroll of identify
 l - 6 scrolls of remove curse
 m - a scroll of torment
 o - 3 scrolls of fog
 t - 4 scrolls of teleportation
 w - 5 scrolls of magic mapping
 y - 2 scrolls of enchant armour
 C - 3 scrolls of amnesia
 J - a scroll of summoning
Potions
 e - 3 potions of flight
 i - a potion of magic
 j - a potion of brilliance
 p - 2 potions of curing
 B - a potion of invisibility
 D - a potion of might
 H - a potion of berserk rage
Books
 v - a book of Conjurations

   Spells                             Type                      Level
   a - Magic Dart                     Conjuration                  1
   b - Searing Ray                    Conjuration                  2
   c - Dazzling Spray                 Conjuration/Hexes            3
   d - Fulminant Prism                Conjuration/Hexes            4
   e - Iskenderun's Mystic Blast      Conjuration                  4
   f - Iskenderun's Battlesphere      Conjuration/Charms           5
Miscellaneous
 q - a disc of storms
Comestibles
 g - 10 meat rations
 k - 20 fruits
 n - 20 royal jellies
 r - 7 bread rations


   Skills:
 - Level 6.6 Fighting
 - Level 6.1 Staves
 - Level 3.7 Dodging
 - Level 4.0 Stealth
 - Level 12.4 Spellcasting
 + Level 12.2 Conjurations
 - Level 2.0 Hexes
 - Level 3.0 Charms
 - Level 4.0 Necromancy
 - Level 5.0 Air Magic
 - Level 3.1 Invocations
 - Level 3.5 Evocations


You had 10 spell levels left.
You knew the following spells:

 Your Spells              Type           Power        Failure   Level  Hunger
a - Shock                 Conj/Air       ####         1%          1    None
b - Swiftness             Chrm/Air       #####...     4%          2    None
c - Lightning Bolt        Conj/Air       #######...   12%         5    ####...
d - Repel Missiles        Chrm/Air       #####.       4%          2    None
e - Iskenderun's Mystic   Conj           ########     2%          4    None
f - Fulminant Prism       Conj/Hex       #######...   8%          4    None
g - Iskenderun's Battles  Conj/Chrm      #######.     17%         5    ####...
h - Regeneration          Chrm/Necr      #####.....   10%         3    None


Dungeon Overview and Level Annotations

Branches:
Dungeon (11/15)            Temple (1/1) D:4            Lair (4/6) D:10
 Shoals (0/4) Lair:4       Spider (0/4) Lair:4
    Orc: D:9-12

Altars:
Ashenzari
Cheibriados
Dithmenos
Elyvilon
Fedhas
Gozag
Hepliaklqana
Kikubaaqudgha
Makhleb
Nemelex Xobeh
Okawaru
Qazlal
Ru
Sif Muna
Trog
Uskayaw
Vehumet
Xom
Yredelemnul
Zin
The Shining One

Shops:
D:11 }

Annotations:
Lair:2 exclusion: oklob plant


Innate Abilities, Weirdness & Mutations

You can walk through water.
Your dull iron-grey scales are very hard. (AC +13)
Your body does not fit into most forms of armour.
You can survive without breathing.
You are cold-blooded and may be slowed by cold attacks.
Scrolls take you a little longer to read.
You passively map a small area around you.
You occasionally shout uncontrollably at your foes.
Your spells are harder to cast, but more powerful.


Message History

You hit the yak but do no damage.
The yak is almost dead.
The yak gores you!!
* * * LOW HITPOINT WARNING * * *
The yak gores you.
* * * LOW HITPOINT WARNING * * *
The yak gores you!
* * * LOW HITPOINT WARNING * * *
You feel better. The polar bear closely misses you.
The polar bear barely misses you. The polar bear claws you.
* * * LOW HITPOINT WARNING * * *
The yak gores you.
* * * LOW HITPOINT WARNING * * *
The yak gores you but does no damage. The yak gores you!
* * * LOW HITPOINT WARNING * * *
Really read with blurry vision while enemies are nearby?
Okay, then.
Evoke which item? (* to show all) (? for menu, Esc to quit)
Nothing appears to happen.
The polar bear bites you!
You die...

* ##### ≈*
##...##
≈*##..∩.Y##
*≈
#.....Y@#
*#...∩.hY#
##.....##
≈≈ ##*..##
* * #...# *
* ##...
#...#
*...##
*,..##


You could see a polar bear, 3 yaks and a friendly battlesphere.

Vanquished Creatures
  Snorg (Lair:3)
  A minotaur (Lab)
  Harold (Lair:1)
  The ghost of tape the Frost Mage, a journeyman OpIE of Sif Muna (Lair:2)
  4 death yaks (Lair:4)
  Urug (Lair:3)
  Sonja (Lair:4)
  2 unseen horrors
  2 hill giants (D:10)
  Maurice (D:9)
  A black mamba (Lair:2)
  2 spiny frogs
  4 komodo dragons
  2 trolls
  A merfolk (D:10)
  A queen bee (Lair:1)
  A boulder beetle (Lair:4)
  15 blink frogs
  A spriggan (D:10)
  A wyvern (D:10)
  A basilisk (Lab)
  A human (D:10)
  9 yaks
  2 hippogriffs
  3 swamp worms (Lair:2)
  A meliai simulacrum (D:11)
  4 porcupines
  3 water moccasins
  Duvessa (D:7)
  2 sky beasts (D:9)
  A black bear (D:6)
  4 phantoms
  4 ogres
  4 wolves
  3 centaurs
  3 crocodiles
  7 giant frogs
  A wyvern zombie (Ossuary)
  Dowan (D:7)
  3 scorpions
  14 killer bees (Lair:1)
  An electric eel (Lair:4)
  3 crimson imps
  A centaur zombie (Ossuary)
  A jelly (D:5)
  4 orc priests
  2 hounds (D:7)
  6 orc wizards
  A centaur skeleton (D:8)
  3 iguanas
  2 knights
  4 worker ants
  A killer bee zombie (Ossuary)
  An ogre skeleton (Lab)
  6 mummies (Ossuary)
  A worker ant zombie (Ossuary)
  6 adders
  5 gnolls
  21 river rats
  2 oozes
  An adder skeleton (D:5)
  An adder zombie (Ossuary)
  12 worms
  2 dart slugs
  6 giant geckos
  10 orcs
  A ball python (D:3)
  8 giant cockroaches
  14 goblins
  6 hobgoblins
  10 jackals
  2 quokkas
  10 bats
  A giant gecko zombie (Ossuary)
  4 giant newts
  6 kobolds
  2 quokka zombies
  8 rats
291 creatures vanquished.

Vanquished Creatures (collateral kills)
  Erica (D:8)
  A death yak (Lair:4)
  A hill giant (D:10)
  A spiny frog (Lair:4)
  A troll (D:10)
  5 blink frogs
  A wyvern (D:10)
  4 yaks
  3 hippogriffs
  3 basilisks (Lab)
  Menkaure (D:7)
  A mottled dragon (D:10)
  3 swamp worms (Lair:2)
  4 water moccasins
  3 porcupines
  An orc warrior (D:9)
  An eye of draining (D:8)
  3 ogres
  A black bear (D:9)
  2 wolves (Lair:1)
  3 centaurs
  4 crocodiles
  4 giant frogs
  A wyvern zombie (D:10)
  A gnoll sergeant (D:8)
  A wyvern skeleton (D:10)
  5 scorpions
  11 killer bees (Lair:1)
  2 wights (D:10)
  A howler monkey (D:9)
  A spriggan skeleton (Lab)
  2 crimson imps (D:8)
  A giant frog zombie (Ossuary)
  A hound (D:7)
  5 orc priests
  A giant frog skeleton (D:10)
  2 orc wizards
  A centaur skeleton (Lab)
  7 mummies (Ossuary)
  5 iguanas
  4 worker ants
  An ogre skeleton (Lab)
  A worker ant zombie (Ossuary)
  6 adders
  A gnoll (D:8)
  7 river rats
  A shadow imp (D:6)
  8 worms
  2 giant geckos
  12 orcs
  A quokka skeleton (D:9)
  A plant (Lair:2)
145 creatures vanquished.

Vanquished Creatures (others)
  Pikel (D:7)
  3 slaves (D:7)
  2 wights (D:10)
  An ancestor (D:6)
  12 knights
  2 fulminant prisms
  5 fungi
  14 plants
  A withered plant (Ossuary)
41 creatures vanquished.

Grand Total: 477 creatures vanquished

Notes
Turn   | Place    | Note
-------+----------+-------------------------------------------
     0 | D:1      | IcyTea the Draconian Air Elementalist began the quest for the Orb.
     0 | D:1      | Reached XP level 1. HP: 14/14 MP: 3/3
   192 | D:1      | Reached XP level 2. HP: 20/20 MP: 0/5
   201 | D:1      | Learned a level 2 spell: Swiftness
   757 | D:2      | Reached XP level 3. HP: 12/26 MP: 0/6
   759 | D:2      | Gained mutation: You passively map a small area around you. [potion of beneficial mutation]
  1323 | D:2      | Found a shadowy altar of Dithmenos.
  1605 | D:2      | Reached XP level 4. HP: 33/33 MP: 4/7
  1910 | D:2      | Reached skill level 5 in Air Magic
  1957 | D:2      | Reached skill level 1 in Fighting
  2237 | D:2      | Found a shimmering altar of Xom.
  2450 | D:3      | Reached XP level 5. HP: 41/41 MP: 5/8
  2459 | D:3      | Learned a level 5 spell: Lightning Bolt
  3523 | D:4      | Noticed a phantom
  3537 | D:4      | Killed a phantom
  3537 | D:4      | Reached XP level 6. HP: 35/51 MP: 0/10
  3647 | D:4      | Found a burning altar of Makhleb.
  3681 | D:4      | Found a shattered altar of Ashenzari.
  3935 | D:4      | Found a staircase to the Ecumenical Temple.
  3943 | Temple   | Entered the Ecumenical Temple
  4021 | Temple   | Became a worshipper of Hepliaklqana
  4056 | D:5      | Entered Level 5 of the Dungeon
  4070 | D:5      | Found a hide-covered altar of Uskayaw.
  4449 | D:5      | Reached * piety under Hepliaklqana
  4574 | D:5      | Your scales start taking on a dull iron-grey colour.
  4574 | D:5      | Reduced skill Air Magic to level 5
  4574 | D:5      | Reached XP level 7. HP: 22/51 MP: 10/13
  4574 | D:5      | Gained mutation: You can survive without breathing. [Grey Draconian growth]
  4681 | D:5      | Gained mutation: You are frail. (-10% HP) [potion of mutation]
  4681 | D:5      | Gained mutation: Your spells are a little harder to cast, but a little more powerful. [potion of mutation]
  5214 | D:6      | Reached ** piety under Hepliaklqana
  5230 | D:6      | Remembered your ancestor Tiruin as a knight
  5380 | D:6      | Reached skill level 5 in Conjurations
  5700 | D:6      | Found a basalt altar of Yredelemnul.
  6060 | D:7      | Noticed Duvessa
  6064 | D:7      | Noticed Dowan
  6067 | D:7      | Reached XP level 8. HP: 50/50 MP: 12/14
  6079 | D:7      | Killed Duvessa
  6082 | D:7      | Killed Dowan
  6388 | D:7      | Reached skill level 5 in Spellcasting
  6395 | D:7      | Noticed Pikel
  6411 | D:7      | Killed Pikel
  6678 | D:7      | Noticed Menkaure
  6685 | D:7      | Killed Menkaure
  6902 | D:8      | Noticed Erica
  7118 | D:8      | Reached XP level 9. HP: 46/56 MP: 14/18
  7182 | D:8      | Reached *** piety under Hepliaklqana
  7195 | D:8      | Reached skill level 5 in Fighting
  7284 | D:8      | Found a sand-covered staircase.
  7293 | Ossuary  | Entered an ossuary
  7592 | Ossuary  | Lost mutation: You are frail. (-10% HP) [potion of mutation]
  7592 | Ossuary  | Gained mutation: Scrolls take you a little longer to read. [potion of mutation]
  7592 | Ossuary  | Gained mutation: You occasionally shout uncontrollably at your foes. [potion of mutation]
  7718 | D:8      | HP: 1/66 [orc priest/divine providence (17)]
  7721 | D:8      | Killed Erica
  7729 | D:8      | Reached XP level 10. HP: 27/72 MP: 3/22
  7943 | D:8      | Learned a level 2 spell: Repel Missiles
  7948 | D:8      | Learned a level 4 spell: Iskenderun's Mystic Blast
  7953 | D:8      | Learned a level 4 spell: Fulminant Prism
  8015 | D:8      | Found a sparkling altar of Nemelex Xobeh.
  8309 | D:8      | Reached skill level 1 in Charms
  8471 | D:9      | Reached skill level 1 in Hexes
  8995 | D:9      | Found a deep blue altar of Sif Muna.
  9079 | D:9      | Reached **** piety under Hepliaklqana
  9323 | D:9      | Noticed Maurice
  9418 | D:9      | Killed an unseen horror
  9418 | D:9      | Reached skill level 10 in Spellcasting
  9448 | D:9      | Killed Maurice
  9839 | D:9      | Reached skill level 10 in Conjurations
  9853 | D:9      | Gained mutation: Your spells are harder to cast, but more powerful. [mutagenic meat]
  9856 | D:9      | Gained mutation: You are frail. (-10% HP) [mutagenic meat]
  9862 | D:9      | Lost mutation: You are frail. (-10% HP) [mutagenic meat]
 10049 | D:10     | Entered Level 10 of the Dungeon
 10061 | D:10     | Reached skill level 1 in Invocations
 10066 | D:10     | Noticed a hill giant
 10082 | D:10     | Killed a hill giant
 10082 | D:10     | Reached XP level 11. HP: 77/77 MP: 20/25
 10154 | D:10     | Found a staircase to the Lair.
 10309 | D:10     | Reached ***** piety under Hepliaklqana
 10428 | D:10     | Noticed a hill giant
 10446 | D:10     | Killed a hill giant
 10446 | D:10     | Killed an unseen horror
 11128 | D:11     | Found Deheh's Gadget Emporium.
 11136 | D:11     | Noticed a cyan ugly thing
 11137 | D:11     | Noticed a hill giant
 11346 | D:10     | Killed a hill giant
 11471 | Lair:1   | Entered Level 1 of the Lair of Beasts
 12001 | Lair:1   | Reached skill level 1 in Staves
 12648 | Lair:1   | Found a sparkling altar of Nemelex Xobeh.
 12714 | Lair:1   | Noticed Harold
 12728 | Lair:1   | Killed Harold
 12995 | Lair:1   | Learned a level 5 spell: Iskenderun's Battlesphere
 13018 | Lair:1   | Reached XP level 12. HP: 86/86 MP: 21/27
 13601 | Lair:2   | Noticed tape's ghost (journeyman OpIE)
 13662 | Lair:2   | Killed tape's ghost
 13702 | Lair:2   | Found a labyrinth entrance.
 13711 | Lab      | Entered a labyrinth
 14254 | Lab      | Noticed a minotaur
 14262 | Lab      | Killed a minotaur
 14274 | Lab      | Identified the Tome of Dark Shape Shifting
 14280 | Lab      | Learned a level 3 spell: Regeneration
 14285 | Lab      | Got an ancient ivory ring
 14309 | Lair:2   | Identified the ring of Nefy {rCorr rPois rF- rN+++ Int+2} (You found it in a labyrinth)
 14455 | Lair:2   | Reached skill level 1 in Necromancy
 15271 | Lair:3   | Noticed Urug
 15628 | Lair:3   | Noticed Snorg
 16017 | Lair:3   | Killed Snorg
 16300 | Lair:3   | Killed Urug
 16625 | Lair:3   | Got a transparent hand axe
 16841 | Lair:4   | Noticed a death yak
 16841 | Lair:4   | Noticed a death yak
 16842 | Lair:4   | Noticed a death yak
 16850 | Lair:4   | Noticed a death yak
 16850 | Lair:4   | Killed a death yak
 16850 | Lair:4   | Reached skill level 5 in Staves
 16852 | Lair:4   | Noticed a death yak
 16852 | Lair:4   | Killed a death yak
 16852 | Lair:4   | Reached XP level 13. HP: 93/93 MP: 6/29
 16883 | Lair:4   | Reached ****** piety under Hepliaklqana
 17016 | Lair:4   | Found a hole to the Spider Nest.
 17026 | Lair:4   | Noticed Sonja
 17051 | Lair:4   | Killed Sonja
 17156 | Lair:4   | Found a staircase to the Shoals.
 17492 | Lair:4   | Found a frozen archway.
 17506 | IceCv    | Entered an ice cave
 17519 | IceCv    | HP: 4/93 [yak (7)]
 17520 | IceCv    | Mangled by a polar bear

Vault maps used:
D:1:      mrwooster_arrival_statue
D:2:      overflow_temple_1_default, lemuel_crystal_altar
D:4:      bloody_makhleb, nicolae_overflow_hidden_temple, serial_glass,
          glass_columns_a, glass_columns_b
D:5:      eat_drink_and_be_merry_uskayaw, first_bread
D:6:      kennysheep_mini, st_stairs_5
D:7:      uniq_duvessa, uniq_pikel, uniq_menkaure
D:8:      nemelex_xobeh_ov_fountains_minmay, enter_ossuary_2, uniq_erica
D:9:      lemuel_coloured_pillars_altar, uniq_maurice
D:10:     lair_0_dummy, hangedman_stone_soup
D:11:     special_room, serial_shops, shop
Temple:   dshaligram_water_room_temple
Lair:1:   basic_altar, special_room, uniq_harold
Lair:2:   lab_entry_generic, worms_lemuel, lemuel_fruit_tree
Lair:3:   minivault_27, uniq_snorg, uniq_urug
Lair:4:   boulder_quad_collide, minmay_shoals_entry_centaurs,
          nicolae_spider_entry_non_spiders, portal_ice_cave_entry_pillars_1,
          nicolae_quartered_pool_super, uniq_sonja
Lab:      nicolae_lab_dead_adventurers, nicolae_lab_quarters, labyrinth_glass_1,
          nicolae_lab_arrow, labyrinth_skeletal_remains, nicolae_lab_grate
Ossuary:  ossuary_zaba_flooded
IceCv:    ice_cave_small_giant

Skill      XL: |  1  2  3  4  5  6  7  8  9 10 11 12 13 |
---------------+----------------------------------------+-----
Conjurations   | 2 5 7 9 10 11 12 | 12.2
Air Magic      | 4 5 5 |  5.0
Fighting       | 1 3 4 5 6 |  6.6
Spellcasting   | 3 4 6 8 10 11 12 | 12.4
Charms         | 1 3 |  3.0
Hexes          | 1 2 |  2.0
Invocations    | 3 |  3.1
Evocations     | 3 |  3.5
Staves         | 4 5 6 |  6.1
Stealth        | 4 |  4.0
Dodging        | 3 |  3.7
Necromancy     | 4 |  4.0

Action                   |  1- 3 |  4- 6 |  7- 9 | 10-12 | 13-15 || total
-------------------------+-------+-------+-------+-------+-------++-------
Melee: Unarmed           |    13 |       |       |       |       ||    13
       Tailslap          |     3 |     5 |     3 |    21 |     2 ||    34
       Club              |    23 |       |       |       |       ||    23
       Quarterstaff      |     1 |    43 |     7 |    32 |       ||    83
       Staff             |       |       |    25 |   122 |    18 ||   165
 Cast: Shock             |    70 |   128 |   171 |   225 |    10 ||   604
       Lightning Bolt    |       |       |       |    42 |     5 ||    47
       Iskenderun's Myst |       |       |       |    83 |    26 ||   109
       Repel Missiles    |       |       |       |     2 |       ||     2
       Fulminant Prism   |       |       |       |     2 |       ||     2
       Regeneration      |       |       |       |     4 |     7 ||    11
       Iskenderun's Batt |       |       |       |     4 |     2 ||     6
       Swiftness         |       |       |       |     2 |     1 ||     3
Invok: Recall Ancestor   |       |     1 |     2 |     7 |       ||    10
       Ancestor Identity |       |     1 |       |       |       ||     1
       Ancestor Life: Kn |       |       |     1 |       |       ||     1
Evoke: Wand              |       |       |       |       |     1 ||     1
       Disc of storms    |       |       |       |       |     1 ||     1
  Use: Potion            |     1 |     2 |    11 |     8 |     3 ||    25
       Scroll            |       |     8 |     2 |    20 |       ||    30
 Stab: Sleeping          |     1 |       |       |     2 |       ||     3
       Distracted        |       |       |     1 |     2 |       ||     3
  Eat: Chunk             |     3 |    11 |     9 |    40 |     3 ||    66
       Pizza             |       |       |     1 |     2 |       ||     3
       Fruit             |       |       |       |     2 |       ||     2
Armor: Skin              |    27 |    18 |    58 |   276 |    39 ||   418
Dodge: Dodged            |    53 |    52 |    75 |   344 |    65 ||   589
       Deflected         |       |       |       |     2 |     5 ||     7
